 Dungeon Crawl Stone Soup version 0.30-a0-469-g84de5afbc5 (webtiles) character file.

Game seed: 14314252291017739650

52 kae the Firebug (level 3, -3/19 HPs)
             Began as a Tengu Fire Elementalist on Dec 19, 2022.
             Slain by a worm (5 damage)
             ... on level 3 of the Dungeon.
             The game lasted 00:01:20 (1696 turns).

kae the Firebug (Tengu Fire Elementalist)           Turns: 1696, Time: 00:01:20

Health: -3/19      AC:  2    Str:  8    XL:     3   Next: 85%
Magic:  0/8        EV: 12    Int: 17    God:
Gold:   78         SH:  0    Dex: 14    Spells: 1/7 levels left

rFire   . . .      SeeInvis .    (no weapon)
rCold   . . .      Faith    .    (no shield)
rNeg    . . .      Spirit   .    a - +0 robe
rPois   .          Reflect  .    (helmet restricted)
rElec   .          Harm     .    (no cloak)
rCorr   .          Rampage  .    (no gloves)
Will    .....                    (boots unavailable)
Stlth   ++........               (no amulet)
HPRegen 0.23/turn                (no ring)
MPRegen 0.11/turn                (no ring)

@: no status effects
A: beak, talons 3
a: no special abilities


You were on level 3 of the Dungeon.
You visited 1 branch of the dungeon, and saw 3 of its levels.

You collected 78 gold pieces.


Innate Abilities, Weirdness & Mutations

You have a beak for a mouth.
You have claws for feet.


   Skills:
 - Level 2.1 Dodging
 - Level 2.0 Stealth
 + Level 2.6 Spellcasting
 + Level 2.9 Conjurations
 + Level 4.0 Fire Magic


You had one spell level left.
You knew the following spells:

 Your Spells              Type           Power      Damage    Failure   Level
a - Foxfire               Conj/Fire      56%        2x1d6     4%          1
b - Scorch                Fire           30%        2d6       5%          2
c - Inner Flame           Hex/Fire       9%         N/A       24%         3

Your spell library contained the following spells:

 Spells                   Type           Power      Damage    Failure   Level
 Ensorcelled Hibernation  Hex/Ice        4%         N/A       26%         2
 Passwall                 Tmut/Erth      1%         N/A       26%         2
 Kindle Blastsparks       Fire/Tloc/Air  12%        2d11      30%         3
 Flame Wave               Conj/Fire      14%        2d6       41%         4
 Swiftness                Air            2%         N/A       47%         3

Inventory:

Missiles
 c - 21 stones
 g - 3 boomerangs
Armour
 a - a +0 robe (worn)
Wands
 e - a wand of flame (14)
   (You found it on level 3 of the Dungeon)
Potions
 f - a potion of invisibility {unknown}
 h - a potion of haste {unknown}
 i - a potion of flight

Dungeon Overview and Level Annotations

Branches:
Dungeon (3/15) Zot: 16303

Altars:

...#### ~~~.. ..##
w#.. .## ~w~ .####
### #####~~ ....#
#.# #.##.. .##.#
#.# #.##.# .##.##
##.###.##.# .....#
##.w..โ€ ....#
###..#
#ยง@....#####
.....# #ยง.###.#
####.# #..# #.# #.#
#..# #.#
#.##########..# #.#
#.............###>#
############......#
########


You could see a worm.


Message History

The river rat's fire resistance burns away.
The river rat bites you. ๐Ÿ˜ฎ HP[-6] MP[-2]
You take 6 damage, and now have 13/19 hp.
MASSIVE DAMAGE!! (PAUSE)
You lost 2 mp, and now have 5/7 mp.
Casting: Scorch (safe; 5% risk of failure)
Confirm with . or Enter, or press ? or * to list all spells.
Flames lash the river rat but do no damage.
The river rat bites you.
* * * LOW HITPOINT WARNING * * *
The river rat is no longer more vulnerable to fire.
The river rat bites you but does no damage. ๐Ÿ˜จ HP[-4] MP[-2]
You take 4 damage, and now have 9/19 hp.
MASSIVE DAMAGE!! (PAUSE)
You lost 2 mp, and now have 3/7 mp.
Casting: Scorch (safe; 5% risk of failure)
Confirm with . or Enter, or press ? or * to list all spells.
Flames lash the river rat.
You kill the river rat!
Your Fire Magic skill increases to level 4! ๐Ÿ˜ฎ HP[+1] MP[-2]
You lost 2 mp, and now have 1/7 mp.
Unknown command.
Casting: Scorch (safe; 5% risk of failure)
Confirm with . or Enter, or press ? or * to list all spells.
You conjure some foxfire!
The foxfire hits the worm. x2 ๐Ÿ˜ฎ MP[-1]
You lost 1 mp, and now have 0/7 mp. ๐Ÿ˜ฎ HP[+1]
Casting: Foxfire (safe; 4% risk of failure)
Confirm with . or Enter, or press ? or * to list all spells.
You don't have enough magic to cast this spell. ๐Ÿ˜ฎ MP[+1]
You feel better. ๐Ÿ˜• HP[+6]
You regained 6 hp, and now have 17/19 hp.
Magic courses through your body. ๐Ÿ˜• MP[+6]
Your mp is fully restored (7).
There are monsters nearby!
Casting: Foxfire (safe; 4% risk of failure)
Confirm with . or Enter, or press ? or * to list all spells.
You miscast Foxfire.
You are very lightly contaminated with residual magic.
Nothing appears to happen. ๐Ÿ˜• MP[-1]
You lost 1 mp, and now have 6/7 mp. ๐Ÿ˜• HP[+1]
Casting: Foxfire (safe; 4% risk of failure)
Confirm with . or Enter, or press ? or * to list all spells.
You conjure some foxfire!
The foxfire hits the worm. x2 ๐Ÿ˜• MP[-1]
You lost 1 mp, and now have 5/7 mp.
Casting: Foxfire (safe; 4% risk of failure)
Confirm with . or Enter, or press ? or * to list all spells.
You conjure some foxfire!
The foxfire hits the worm but does no damage. x2 ๐Ÿ˜Ž HP[+1] MP[-1]
Your hp is fully restored (19).
You lost 1 mp, and now have 4/7 mp.
Casting: Foxfire (safe; 4% risk of failure)
Confirm with . or Enter, or press ? or * to list all spells.
You conjure some foxfire!
The worm bites you!
Your magical contamination has completely faded away.
The foxfire hits the worm. x2 ๐Ÿ˜ฎ HP[-8] MP[-1]
You take 8 damage, and now have 11/19 hp.
MASSIVE DAMAGE!! (PAUSE)
You lost 1 mp, and now have 3/7 mp.
Casting: Foxfire (safe; 4% risk of failure)
Confirm with . or Enter, or press ? or * to list all spells.
You conjure some foxfire!
The worm misses you.
The foxfire hits the worm but does no damage.
The foxfire hits the worm.
The worm bites you but does no damage. ๐Ÿ˜ฎ HP[+1]
Casting: Foxfire (safe; 4% risk of failure)
Confirm with . or Enter, or press ? or * to list all spells.
You conjure some foxfire!
The foxfire hits the worm.
You kill the worm!
The foxfire hits the worm but does no damage. ๐Ÿ˜ฎ MP[-1]
Casting: Foxfire (safe; 4% risk of failure)
Confirm with . or Enter, or press ? or * to list all spells.
You conjure some foxfire!
The worm bites you.
* * * LOW HITPOINT WARNING * * *
The foxfire hits the worm. x2; The worm bites you!
* * * LOW HITPOINT WARNING * * *
๐Ÿ˜ฑ HP[-11] MP[-1]
You take 11 damage, and now have 1/19 hp.
MASSIVE DAMAGE!! (PAUSE)
You lost 1 mp, and now have 1/8 mp.
Casting: Foxfire (safe; 4% risk of failure)
Confirm with . or Enter, or press ? or * to list all spells.
You conjure some foxfire!
The foxfire hits the worm. x2; The worm bites you.
You die...

Skill      XL: |  1  2  3 |
---------------+----------+-----
Conjurations   | 2 |  2.9
Fire Magic     | 4 |  4.0
Dodging        | |  2.1
Stealth        | |  2.0
Spellcasting   | |  2.6

Action                   || total
-------------------------++-------
 Cast: Foxfire           ||    53
       Scorch            ||     6
  Use: Scroll            ||     7
       Potion            ||     2
Armor: Robe              ||     5
Dodge: Dodged            ||     7

Levels and vault maps discovered:
D:1:      elethiomel_arrival_infinity_welcomes_careful_drivers,
          layout_loops_ring
D:2:      layout_rooms
D:3:      layout_loops_corners, serial_forest, infiniplex_forest_split,
          infiniplex_forest_lined_3, infiniplex_forest_end_double,
          infiniplex_forest_straight_3, infiniplex_forest_lined_corner,
          infiniplex_forest_3_way, infiniplex_forest_straight_2,
          infiniplex_forest_pool, infiniplex_forest_straight_2,
          infiniplex_forest_lined_3, ebering_ghost_gozag,
          lightli_sewer_entry_pipes, uniq_terence

Notes
Turn   | Place    | Note
-------+----------+-------------------------------------------
     0 | D:1      | kae the Tengu Fire Elementalist began the quest for the
                  | Orb.
     0 | D:1      | Reached XP level 1. HP: 10/10 MP: 4/4
     0 | D:1      | magus.rc [v1.11.3]
   400 | D:1      | Reached XP level 2. HP: 15/15 MP: 3/6
   502 | D:1      | Reached skill level 2 in Conjurations
   514 | D:1      | You pick up a book of Burglary and begin reading...
   514 | D:1      | You add the spells Passwall, Ensorcelled Hibernation and
                  | Swiftness to your library.
   809 | D:1      | Learned a level 2 spell: Scorch
  1009 | D:2      | Reached XP level 3. HP: 19/19 MP: 5/7
  1013 | D:2      | Learned a level 3 spell: Inner Flame
  1674 | D:3      | Reached skill level 4 in Fire Magic
  1694 | D:3      | HP: 1/19 [worm (7)]
  1696 | D:3      | Slain by a worm

Vanquished Creatures
  An adder (D:2)
  A river rat (D:3)
  2 worms
  A dart slug (D:2)
  2 endoplasms
  4 goblins
  A hobgoblin (D:2)
  A quokka (D:1)
  4 ball pythons (D:2)
  4 bats (D:2)
  A kobold (D:1)
  6 rats
28 creatures vanquished.

Vanquished Creatures (others)
  89 foxfires
89 creatures vanquished.

Grand Total: 117 creatures vanquished

Table legend:
 A = Non-vault XP
 B = Vault XP
 C = Vault XP percentage of total XP
 D = Non-vault monster count
 E = Vault monster count
 F = Vault count percentage of total count
                 A         B        C        D         E       F
            +---------+---------+-------+---------+---------+-------
      Total |      57 |      18 |  24.0 |      26 |       2 |   7.1
            +---------+---------+-------+---------+---------+-------
        D:1 |      13 |       0 |   0.0 |       8 |       0 |   0.0
        D:2 |      43 |       0 |   0.0 |      17 |       0 |   0.0
        D:3 |       1 |      18 |  94.7 |       1 |       2 |  66.7
            +---------+---------+-------+---------+---------+-------

Illustrated notes

Table legend:
 A = Kills in this place as a percentage of kills in entire the game.
 B = Kills by you in this place as a percentage of kills by you in the entire game.
 C = Kills by friends in this place as a percentage of kills by friends in the entire game.
 D = Other kills in this place as a percentage of other kills in the entire game.
 E = Experience gained in this place as a percentage of experience gained in the entire game.
 F = Experience gained in this place divided by the number of levels of this place that you have seen.
                   A       B       C       D       E      F
               +-------+-------+-------+-------+-------+----------------------
         Total | 100.0 | 100.0 |   N/A |   N/A | 100.0 |  25.0
       Dungeon | 100.0 | 100.0 |   N/A |   N/A | 100.0 |  25.0
               +-------+-------+-------+-------+-------+----------------------

Table legend: (Time is in decaauts)
 A = Elapsed time spent in this place.
 B = Non-inter-level travel time spent in this place.
 C = Inter-level travel time spent in this place.
 D = Time resting spent in this place.
 E = Time spent auto-exploring this place.
 F = Levels seen in this place.
 G = Mean time per level.
                   A        B        C        D        E       F      G
               +--------+--------+--------+--------+--------+-----+--------+
         Total |   1695 |   1638 |     57 |      0 |   1415 |   3 |  565.0 |
       Dungeon |   1695 |   1638 |     57 |      0 |   1415 |   3 |  565.0 |
               +--------+--------+--------+--------+--------+-----+--------+

Top non-repeatable levels by time:
     D:1: 858 daAuts
     D:2: 653 daAuts
     D:3: 183 daAuts
